 Dungeon Crawl Stone Soup version 0.31-a0-496-g6f97920a28 (webtiles) character file.

Game seed: 10010767246543376365

179 ytrimaz the Changeling (level 5, 0/46 HPs)
             Began as a Troll Shapeshifter on Aug 8, 2023.
             Was a Follower of Dithmenos.
             Slain by a hornet (7 damage)
             ... on level 4 of the Dungeon.
             The game lasted 00:03:58 (2048 turns).

ytrimaz the Changeling (Troll Shapeshifter)         Turns: 2048, Time: 00:03:59

Health: 0/46       AC:  4    Str: 25    XL:     5   Next: 32%
Magic:  4/4        EV: 10    Int:  4    God:    Dithmenos [*.....]
Gold:   155        SH:  0    Dex: 16    Spells: 4/4 levels left

rFire   . .          .
                       - Unarmed
rCold   . . .        (no shield)
rNeg    . . .        a - +0 animal skin
rPois   .            (helmet currently unavailable)
rElec   .            (cloak currently unavailable)
rCorr   .            (gloves unavailable)
SInv    .            (boots unavailable)
Will    .....        (no amulet)
Stlth   ++           k - +6 ring of dexterity
HPRegen 1.07/turn    (no ring)
MPRegen 0.09/turn

%: no passive effects
@: beast-form, slowed, wreathed by umbra, very slow
A: beast (slay +3), large, unfitting armour, claws 3, regeneration 1, shaggy fur
1, tough skin 1
a: Begin Untransformation, Renounce Religion


You were on level 4 of the Dungeon.
You worshipped Dithmenos.
Dithmenos was aware of your devotion.
You were a hulking beast.
You visited 1 branch of the dungeon, and saw 4 of its levels.

You collected 155 gold pieces.


Innate Abilities, Weirdness & Mutations

You are a hulking beast.
Your limbs bulge with bestial killing power. (Slay +3)
You are too large for most types of armour.
You have claws for hands.
Your natural rate of healing is unusually fast.
You are covered in fur. (AC +1)
You have tough skin. (AC +1)


   Skills:
 - Level 0.7 Fighting
 - Level 1.5 Dodging
 + Level 4.2 Unarmed Combat
 * Level 4.7 Shapeshifting


You had 4 spell levels left.
You didn't know any spells.
Your spell library contained the following spells:

 Spells                   Type           Power      Damage    Failure   Level
 Magic Dart               Conj           0%         1d3       50%         1
 Call Imp                 Summ           0%         N/A       65%         2
 Mephitic Cloud           Conj/Pois/Air  0%         N/A       86%         3

Inventory:

Armour
 a - a +0 animal skin (worn)
Jewellery
 k - a +6 ring of dexterity (left claw)
   (You found it on level 2 of the Dungeon)
 o - a ring of wizardry
   (You found it on level 2 of the Dungeon)
 w - a +6 ring of intelligence
   (You found it on level 4 of the Dungeon)
Talismans
 c - a beast talisman (active)
 d - a flux talisman
Wands
 u - a wand of flame (14)
   (You took it off Ijyb on level 4 of the Dungeon)
Scrolls
 f - a scroll of blinking {unknown}
 h - 2 scrolls of vulnerability {unknown}
 i - 2 scrolls of teleportation {unknown}
 j - 4 scrolls of identify {unknown}
 l - 2 scrolls of poison {unknown}
 v - a scroll of immolation {unknown}
Potions
 b - a potion of lignification
 e - a potion of invisibility {unknown}
 g - a potion of cancellation {unknown}
 m - a potion of berserk rage {unknown}
 n - 2 potions of curing {unknown}
 p - a potion of enlightenment {unknown}
 q - a potion of heal wounds {unknown}
 r - a potion of attraction {unknown}
 s - a potion of might {unknown}
 t - a potion of degeneration {unknown}

Dungeon Overview and Level Annotations

Branches:
Dungeon (4/15) Zot: 21957
 Temple: D:4-7

Altars:
Dithmenos
Ru
Uskayaw
The Shining One

### #.. # #.# # #.#.# .#
#.#.# ####.####
########.#.#####........
........................
.. ........###.#h##.###
.# #######.# #.#y#
.#########.###.#!#
........#...##.#.#
.....##..###.#.#.#
####.....# #......<.
#.##..###########
#.##.#...# #.##.##.##


You could see a hornet.


Message History

Unknown command.
You barely miss the hound. The hound misses you. 😕 HP[+1]
You scratch the hound.
The hound shudders as magic cascades through it.
You kill the hound!
Dithmenos accepts your kill.
You have reached level 5! 😕 HP[+6] MP[+1]
You now have 39 max hp (+6).
You regained 6 hp, and now have 32/39 hp.
Your mp is fully restored (4).
There is a stone staircase leading down, spattered with blood here.
Items here: )) [ †.
Key pressed, stopping explore.
v - a scroll labelled XADWOA LYTE 😎 HP[+7]
Your hp is fully restored (39).
Natasha, Servant of Life and Death comes into view.
Natasha claws you! 😕 HP[-7]
You take 7 damage, and now have 32/39 hp.
You closely miss Natasha.
Natasha howls an incantation.
Natasha shimmers violently.
Natasha closely misses you. 😕 HP[+1] Unknown command.
You scratch Natasha.
Natasha begins to glow.
Natasha barely misses you. 😕 HP[+1]
You scratch Natasha.
Natasha glows dangerously bright.
Natasha claws you. 😕 HP[-1]
You take 1 damage, and now have 33/39 hp.
You scratch Natasha.
Natasha shudders as magic cascades through her!
You kill Natasha!
Dithmenos accepts your kill.
You are shrouded in an aura of darkness!
Natasha screams in fury as she dies! 😕 HP[+1]
You now have 131 gold pieces (gained 12).
You now have 146 gold pieces (gained 15).
You now have 155 gold pieces (gained 9).
Key pressed, stopping explore.
j - 4 scrolls labelled JOQOTINOSO (gained 1)
w - a +6 ring of intelligence 😎 HP[+5]
Your hp is fully restored (39).
Found a stone staircase leading up.
An ufetubus comes into view.
The ufetubus shouts!
The ufetubus moves out of view.
A hornet comes into view.
A hornet is nearby!
The hornet moves out of view.
You begin transforming.
You continue transforming. x3
Your transformation has ended.
You turn into a hulking beast.
The ufetubus hits you but does no damage.
The ufetubus barely misses you. 😎 HP[+7]
You now have 46 max hp (+7).
Your hp is fully restored (46).
Unknown command.
The ufetubus attacks as you move away! The ufetubus closely misses you. x2
The ufetubus barely misses you. The ufetubus completely misses you.
You scratch the ufetubus. The ufetubus barely misses you.
The ufetubus closely misses you.
You claw the ufetubus!
You kill the ufetubus!
Dithmenos accepts your kill.
The hornet buzzes angrily.
You closely miss the hornet. The hornet stings you!
You feel yourself slow down. 😕 HP[-10]
You take 10 damage, and now have 36/46 hp.
MASSIVE DAMAGE!! (PAUSE)
You claw the hornet! The hornet closely misses you. The hornet stings you!
You feel as though you will be slow longer. 😮 HP[-5]
You take 5 damage, and now have 31/46 hp.
You scratch the hornet. You claw the hornet, but do no damage.
The hornet completely misses you. The hornet stings you.
You feel as though you will be slow longer.
The hornet stings you!
* * * LOW HITPOINT WARNING * * *
You feel as though you will be slow longer. 😨 HP[-11]
You take 11 damage, and now have 20/46 hp.
MASSIVE DAMAGE!! (PAUSE)
You barely miss the hornet. You claw the hornet. The hornet stings you.
* * * LOW HITPOINT WARNING * * *
You feel as though you will be slow longer.
The hornet stings you!
* * * LOW HITPOINT WARNING * * *
You feel as though you will be slow longer. 😱 HP[-14]
You take 14 damage, and now have 6/46 hp.
MASSIVE DAMAGE!! (PAUSE)
You scratch the hornet. The hornet stings you!
You die...

Skill      XL: |  1  2  3  4 |
---------------+-------------+-----
Shapeshifting  | 4 |  4.7
Unarmed Combat | 4 |  4.2
Fighting       | |  0.7
Dodging        | |  1.5

Action                     |  1- 3 |  4- 6 || total
---------------------------+-------+-------++-------
  Melee: Unarmed           |    97 |    40 ||   137
         Punch             |     1 |     2 ||     3
 Armour: Animal skin       |    41 |     7 ||    48
  Dodge: Dodged            |    54 |    23 ||    77
   Form: Flux              |       |     1 ||     1
         Beast             |       |     1 ||     1

Levels and vault maps discovered:
D:1:      erik_arrival_blinker_ship, layout_basic, minivault_24,
          hex_intersection
D:2:      minmay_chambers_of_twos, layout_basic, basic_altar, nicolae_wormholes
D:3:      layout_basic, grunt_temple_overflow_diamond, st_stairs_3,
          minmay_misc_feat_rows
D:4:      layout_loops_ring, general_overflow_altar, elyvilon_altar_5,
          ebering_ghost_sewer_d, uniq_ijyb, uniq_sigmund, uniq_natasha

Notes
Turn   | Place    | Note
-------+----------+-------------------------------------------
     0 | D:1      | ytrimaz the Troll Shapeshifter began the quest for the Orb.
     0 | D:1      | Reached XP level 1. HP: 18/18 MP: 0/0
     0 | D:1      | magus.rc [v1.9.6]
   139 | D:1      | You pick up a book of Minor Magic and begin reading...
   139 | D:1      | You add the spells Magic Dart, Call Imp and Mephitic Cloud
                  | to your library.
   199 | D:1      | Reached XP level 2. HP: 26/26 MP: 1/1
   771 | D:2      | Reached XP level 3. HP: 28/29 MP: 2/2
  1058 | D:2      | Found a shadowy altar of Dithmenos.
  1141 | D:2      | Became a worshipper of Dithmenos the Shadowed
  1396 | D:3      | Reached skill level 4 in Shapeshifting
  1466 | D:3      | Reached XP level 4. HP: 40/40 MP: 3/3
  1707 | D:3      | Found a glowing golden altar of the Shining One.
  1710 | D:3      | Found a sacrificial altar of Ru.
  1714 | D:3      | Found a hide-covered altar of Uskayaw.
  1880 | D:4      | Noticed Ijyb
  1885 | D:4      | HP: 6/32 [Ijyb/puff of flame (8)]
  1887 | D:4      | HP: 1/32 [Ijyb/+0 dagger (3)]
  1889 | D:4      | Killed Ijyb
  1890 | D:4      | Reached skill level 4 in Unarmed Combat
  1913 | D:4      | Reached XP level 5. HP: 32/46 MP: 4/4
  1967 | D:4      | Noticed Natasha
  1972 | D:4      | Killed Natasha
  1972 | D:4      | Reached * piety under Dithmenos
  2027 | D:4      | Noticed a hornet
  2047 | D:4      | HP: 6/46 [hornet (11)]
  2048 | D:4      | Slain by a hornet

Vanquished Creatures
  A hound (D:4)
  Ijyb (D:4)
  Natasha (D:4)
  An adder (D:3)
  An ufetubus (D:4)
  4 worms
  3 dart slugs
  8 ball pythons
  6 endoplasms
  A giant cockroach (D:3)
  9 goblins
  3 hobgoblins
  4 jackals (D:3)
  2 quokkas
  5 bats
  4 frilled lizards
  6 kobolds
  6 rats
66 creatures vanquished.

Table legend:
 A = Non-vault XP
 B = Vault XP
 C = Vault XP percentage of total XP
 D = Non-vault monster count
 E = Vault monster count
 F = Vault count percentage of total count
                 A         B        C        D         E       F
            +---------+---------+-------+---------+---------+-------
      Total |     152 |     104 |  40.6 |      51 |      15 |  22.7
            +---------+---------+-------+---------+---------+-------
        D:1 |      39 |       0 |   0.0 |      24 |       0 |   0.0
        D:2 |      18 |      22 |  55.0 |      11 |       9 |  45.0
        D:3 |      35 |      11 |  23.9 |      12 |       4 |  25.0
        D:4 |      60 |      71 |  54.2 |       4 |       2 |  33.3
            +---------+---------+-------+---------+---------+-------

Skill      XL: |  1  2  3  4 |
---------------+-------------+-----
Shapeshifting  | 4 |  4.7
Unarmed Combat | 4 |  4.2
Fighting       | |  0.7
Dodging        | |  1.5

Action                     |  1- 3 |  4- 6 || total
---------------------------+-------+-------++-------
  Melee: Unarmed           |    97 |    40 ||   137
         Punch             |     1 |     2 ||     3
 Armour: Animal skin       |    41 |     7 ||    48
  Dodge: Dodged            |    54 |    23 ||    77
   Form: Flux              |       |     1 ||     1
         Beast             |       |     1 ||     1

Illustrated notes

Table legend:
 A = Kills in this place as a percentage of kills in the entire game.
 B = Kills by you in this place as a percentage of kills by you in the entire game.
 C = Kills by friends in this place as a percentage of kills by friends in the entire game.
 D = Other kills in this place as a percentage of other kills in the entire game.
 E = Experience gained in this place as a percentage of experience gained in the entire game.
 F = Experience gained in this place divided by the number of levels of this place that you have seen.
                   A       B       C       D       E      F
               +-------+-------+-------+-------+-------+----------------------
         Total | 100.0 | 100.0 |   N/A |   N/A | 100.0 |  64.0
       Dungeon | 100.0 | 100.0 |   N/A |   N/A | 100.0 |  64.0
               +-------+-------+-------+-------+-------+----------------------

Table legend: (Time is in decaauts)
 A = Elapsed time spent in this place.
 B = Non-inter-level travel time spent in this place.
 C = Inter-level travel time spent in this place.
 D = Time resting spent in this place.
 E = Time spent auto-exploring this place.
 F = Levels seen in this place.
 G = Mean time per level.
                   A        B        C        D        E       F      G
               +--------+--------+--------+--------+--------+-----+--------+
         Total |   2040 |   1978 |     62 |      0 |   1556 |   4 |  510.0 |
       Dungeon |   2040 |   1978 |     62 |      0 |   1556 |   4 |  510.0 |
               +--------+--------+--------+--------+--------+-----+--------+

Top non-repeatable levels by time:
     D:1: 761 daAuts
     D:2: 582 daAuts
     D:3: 516 daAuts
     D:4: 181 daAuts
